 Dungeon Crawl Stone Soup version 0.30-a0-845-g7c6808c8ce (webtiles) character file.

Game seed: 17029270982324559535

1826 cforsyth the Covert (level 9, 0/56 HPs)
             Began as a Kobold Brigand on Mar 2, 2023.
             Slain by an acid dragon (10 damage)
             ... on level 6 of the Dungeon.
             The game lasted 00:08:05 (6066 turns).

cforsyth the Covert (Kobold Brigand)                Turns: 6066, Time: 00:08:06

Health: 0/56       AC: 18    Str:  6    XL:     9   Next: 32%
Magic:  18/18      EV:  4    Int: 14    God:
Gold:   138        SH:  0    Dex: 20    Spells: 8/8 levels left

rFire   + + .      SeeInvis .    C - +2 dagger (elec)
rCold   . . .      Faith    .    (no shield)
rNeg    . . .      Spirit   .    L - +10 chain mail of Deul Epi {rF++ MP+9 Str-3 Int+2}
rPois   .          Reflect  .    (no helmet)
rElec   .          Rampage  .    c - +0 cloak
rCorr   .                        (no gloves)
Will    .....                    I - +2 pair of boots {Fly}
Stlth   +++                      i - amulet of the acrobat
HPRegen 0.29/turn                (no ring)
MPRegen 0.16/turn                (no ring)

@: corroded, flying
A: small, no large weapons, nightstalker 3
a: no special abilities


You were on level 6 of the Dungeon.
You visited 1 branch of the dungeon, and saw 6 of its levels.

You collected 310 gold pieces.
You spent 172 gold pieces at shops.

Inventory:

Hand Weapons
 a - a +2 dagger
 k - a +2 short sword of venom
 C - a +2 dagger of electrocution (weapon)
Missiles
 d - 11 poisoned darts (quivered)
 e - 3 curare-tipped darts
Armour
 b - a +0 robe
 c - a +0 cloak (worn)
 o - a +0 pair of boots
 u - the +1 robe "Hah Cank" {Stlth+}
   (You took it off a hobgoblin on level 2 of the Dungeon)

   Stlth:     It makes you more stealthy.
 I - a +2 pair of boots of flying (worn)
 L - the +10 chain mail of Deul Epi (worn) {rF++ MP+9 Str-3 Int+2}
   (You found it on level 6 of the Dungeon)

   Str:       It affects your strength (-3).
   Int:       It affects your intelligence (+2).
   rF:        It greatly protects you from fire.
   MP:        It affects your magic capacity (+9).
Jewellery
 i - an amulet of the acrobat (around neck)
 p - an amulet of regeneration
 E - a +5 ring of evasion
 H - a ring of flight
Wands
 v - a wand of polymorph (5)
 y - a wand of charming (8)
 G - a wand of quicksilver (17)
 J - a wand of digging (5)
Scrolls
 h - 2 scrolls of enchant armour {unknown}
 j - 2 scrolls of fear {unknown}
 m - a scroll of vulnerability {unknown}
 n - 4 scrolls of acquirement {unknown}
 q - 6 scrolls of teleportation {unknown}
 r - 10 scrolls of identify {unknown}
 s - 2 scrolls of torment {unknown}
 A - 2 scrolls of fog {unknown}
 B - 4 scrolls of magic mapping {unknown}
 D - a scroll of amnesia {unknown}
 K - a scroll of enchant weapon {unknown}
Potions
 f - a potion of lignification
 g - a potion of curing
 l - a potion of attraction
 t - a potion of resistance
 w - a potion of magic {unknown}
 x - 2 potions of haste
 z - a potion of brilliance {unknown}
 F - a potion of degeneration {unknown}
 M - a potion of mutation {unknown}
 N - a potion of cancellation {unknown}


   Skills:
 + Level 6.6 Fighting
 + Level 8.0 Short Blades
 - Level 2.1 Throwing
 + Level 6.9 Dodging
 + Level 9.7 Stealth


You had 8 spell levels left.
You didn't know any spells.
Your spell library contained the following spells:

 Spells                   Type           Power      Damage    Failure   Level
 Apportation              Tloc           0%         N/A       100%        1
 Kiss of Death            Conj/Necr      0%         2d5       100%        1
 Confusing Touch          Hex            0%         N/A       100%        3
 Dispel Undead            Necr           0%         3d6       100%        4
 Alistair's Intoxication  Tmut/Pois      0%         N/A       100%        5


Dungeon Overview and Level Annotations

Branches:
Dungeon (6/15)
 Temple: D:4-7

Altars:

Shops:
D:5 !![[


Innate Abilities, Weirdness & Mutations

You are small and have problems with some larger weapons.
You are completely attuned to the shadows.


Message History

The acid dragon claws you but does no damage.
You completely miss the acid dragon.
The acid dragon is heavily wounded.
You barely miss the acid dragon.
The acid dragon is heavily wounded.
The acid dragon bites you! The acid dragon claws you.
You barely miss the acid dragon.
The acid dragon is heavily wounded.
The acid dragon bites you but does no damage.
The acid dragon claws you but does no damage.
You hit the acid dragon but do no damage.
The acid dragon is heavily wounded.
You hit the acid dragon but do no damage.
The acid dragon is heavily wounded.
The acid dragon bites you but does no damage.
The acid dragon claws you.
You are too injured to fight recklessly!
You are too injured to fight recklessly!
You are too injured to fight recklessly!
You are too injured to fight recklessly!
You are too injured to fight recklessly!
You are too injured to fight recklessly!
You hit the acid dragon.
The acid dragon is heavily wounded.
You hit the acid dragon but do no damage.
The acid dragon is heavily wounded.
The acid dragon spits acid at you. The splash of acid hits you!
* * * LOW HITPOINT WARNING * * *
You hit the acid dragon but do no damage.
The acid dragon is heavily wounded.
The acid dragon bites you.
* * * LOW HITPOINT WARNING * * *
The acid dragon claws you but does no damage.
You hit the acid dragon but do no damage.
The acid dragon is heavily wounded.
You hit the acid dragon but do no damage.
The acid dragon is heavily wounded.
The acid dragon bites you!
You die...

#.#..####...# ### #...... ####..#
#...# ##..##.. #..# ##..#
#..###.. ##.# #..# ##..# #.. #.##
#..# .$# #..## #.. #..# #..## ..#
##.## ##. ##.###...# ..# ##..# #.
#..#....####D.####..## ##.
######..#.....##@...##...# #..
#....#............#.....### #..
###............#####......#####..
###....#...### #.........##..
#...##...# #.....###.....
##.......# ##.....# ##... #......
#.....## ###. ####...... #.....#
## .#........ #..#..# #.


You could see an acid dragon (catching breath).

Vanquished Creatures
  Prince Ribbit (D:5)
  Sigmund (D:3)
  A steam dragon (D:6)
  Edmund (D:5)
  A water moccasin (D:5)
  An ice beast (D:6)
  2 ogres (D:5)
  A phantom (D:4)
  2 scorpions
  5 hounds
  An orc priest (D:6)
  A jelly (D:5)
  3 iguanas
  A sleepcap (D:6)
  6 orc wizards
  7 adders
  3 gnolls (D:4)
  A shadow imp (D:6)
  A white imp (D:6)
  3 worms
  4 dart slugs
  10 orcs
  8 ball pythons
  4 endoplasms
  A giant cockroach (D:4)
  15 goblins
  8 hobgoblins
  3 quokkas
  2 bats (D:3)
  3 frilled lizards
  6 kobolds
  3 rats
110 creatures vanquished.

Vanquished Creatures (others)
  A fungus (D:1)
1 creature vanquished.

Grand Total: 111 creatures vanquished

Notes
Turn   | Place    | Note
-------+----------+-------------------------------------------
     0 | D:1      | cforsyth the Kobold Brigand began the quest for the Orb.
     0 | D:1      | Reached XP level 1. HP: 12/12 MP: 1/1
   117 | D:1      | Reached XP level 2. HP: 18/18 MP: 2/2
   259 | D:1      | Reached XP level 3. HP: 15/22 MP: 3/3
   623 | D:1      | Found a faded altar of an unknown god.
   829 | D:2      | Reached XP level 4. HP: 26/27 MP: 4/4
   900 | D:2      | Reached skill level 6 in Stealth
  1388 | D:2      | Identified the +1 robe "Hah Cank" {Stlth+}
  1567 | D:3      | Noticed Sigmund
  1729 | D:2      | Reached XP level 5. HP: 23/32 MP: 5/5
  2170 | D:3      | Killed Sigmund
  2171 | D:3      | Reached XP level 6. HP: 38/38 MP: 6/6
  2420 | D:3      | Reached skill level 7 in Stealth
  2431 | D:3      | Reached skill level 5 in Short Blades
  2772 | D:3      | Reached XP level 7. HP: 43/43 MP: 7/7
  3946 | D:5      | Entered Level 5 of the Dungeon
  4038 | D:5      | Found Afadgh's Distillery.
  4038 | D:5      | Found Xahoudit's Armour Shop.
  4042 | D:5      | Found Giahudgh's Distillery.
  4050 | D:5      | Found Cyipsuaw's Antique Armour Shop.
  4069 | D:5      | Bought a pair of runed boots for 172 gold pieces
  4163 | D:5      | Noticed a water moccasin
  4173 | D:5      | Killed a water moccasin
  4174 | D:5      | Reached skill level 5 in Fighting
  4174 | D:5      | Reached skill level 5 in Dodging
  4174 | D:5      | Reached skill level 8 in Stealth
  4174 | D:5      | Reached XP level 8. HP: 45/49 MP: 8/8
  4264 | D:5      | Noticed Edmund
  4268 | D:5      | Killed Edmund
  4420 | D:5      | Noticed Prince Ribbit
  4444 | D:5      | Killed Prince Ribbit
  4814 | D:5      | Reached skill level 9 in Stealth
  4915 | D:6      | Identified the +10 chain mail of Deul Epi {rF++ MP+9 Str-3
                  | Int+2}
  5113 | D:6      | Reached XP level 9. HP: 55/55 MP: 9/9
  6066 | D:6      | Slain by an acid dragon

Illustrated notes

Levels and vault maps discovered:
D:1:      dpeg_arrival_lava_temple_mockup, layout_rooms,
          shapermc_ecumenical_altar_mp_urbaneastern
D:2:      kennysheep_the_goblin_king, layout_loops_ring
D:3:      layout_basic, uniq_sigmund
D:4:      layout_basic
D:5:      layout_loops_cross, nicolae_wooded_promenade, uniq_edmund,
          uniq_prince_ribbit1
D:6:      layout_layer_cave, minmay_between

Skill      XL: |  1  2  3  4  5  6  7  8  9 |
---------------+----------------------------+-----
Short Blades   | 3 4 5 6 7 8 |  8.0
Dodging        | 2 3 4 5 6 |  6.9
Fighting       | 3 4 5 6 |  6.6
Stealth        | 6 7 8 9 |  9.7
Throwing       | |  2.1

Action                     |  1- 3 |  4- 6 |  7- 9 || total
---------------------------+-------+-------+-------++-------
  Melee: Dagger            |    56 |     9 |   147 ||   212
         Short sword       |    22 |   105 |       ||   127
         Unarmed           |       |     1 |       ||     1
         Punch             |       |       |     1 ||     1
    Use: Potion            |       |     2 |     4 ||     6
   Stab: Sleeping          |    13 |    13 |    24 ||    50
         Distracted        |       |       |     2 ||     2
 Armour: Robe              |     5 |    14 |     4 ||    23
         Skin              |       |     3 |       ||     3
         Chain mail        |       |       |    46 ||    46
  Dodge: Dodged            |    39 |    38 |    58 ||   135

Table legend: (Time is in decaauts)
 A = Elapsed time spent in this place.
 B = Non-inter-level travel time spent in this place.
 C = Inter-level travel time spent in this place.
 D = Time resting spent in this place.
 E = Time spent auto-exploring this place.
 F = Levels seen in this place.
 G = Mean time per level.
                   A        B        C        D        E       F      G
               +--------+--------+--------+--------+--------+-----+--------+
         Total |   5963 |   5828 |    135 |    659 |   4347 |   6 |  993.8 |
       Dungeon |   5963 |   5828 |    135 |    659 |   4347 |   6 |  993.8 |
               +--------+--------+--------+--------+--------+-----+--------+

Top non-repeatable levels by time:
     D:2: 1365 daAuts
     D:6: 1132 daAuts
     D:4: 949 daAuts
     D:5: 926 daAuts
     D:3: 843 daAuts
     D:1: 746 daAuts
